 Dungeon Crawl Stone Soup version 0.23-b1-67-g8bd44de8e4 (webtiles) character file.

Game seed: 7016475150653058315

79 lyphon the Vandal (level 4, -4/29 HPs)
             Began as a Halfling Hunter on Feb 2, 2019.
             Slain by a worm (8 damage)
             ... on level 3 of the Dungeon on Feb 6, 2019.
             The game lasted 00:29:29 (1274 turns).

lyphon the Vandal (Halfling Hunter)                 Turns: 1274, Time: 00:29:29

Health: -4/29      AC:  7    Str: 13    XL:     4   Next: 62%
Magic:  4/4        EV: 14    Int:  9    God:
Gold:   42         SH:  0    Dex: 15    Spells: 3/3 levels left

rFire    . . .     SeeInvis .   a - +1 hunting sling
rCold    . . .     Gourm    .   (shield restricted)
rNeg     . . .     Faith    .   j - +0 ring mail
rPois    .         Spirit   .   h - +1 helmet
rElec    .         Reflect  .   (no cloak)
rCorr    .         Harm     .   (no gloves)
MR       .....                  (no boots)
Stlth    +.........             (no amulet)
HPRegen  0.09/turn              (no ring)
MPRegen  0.09/turn              (no ring)

@: no status effects
A: small, mutation resistance 1
a: no special abilities


You were on level 3 of the Dungeon.
You were very hungry.

You visited 1 branch of the dungeon, and saw 3 of its levels.

You collected 42 gold pieces.

Inventory:

Hand Weapons
 a - a +1 hunting sling (weapon)
 b - a +0 short sword
 k - a +0 whip
 m - a +0 dagger
 p - a +0 hunting sling
Missiles
 d - 13 sling bullets (quivered)
 g - 66 stones
Armour
 c - a +0 leather armour
 e - a +0 leather armour
 h - a +1 helmet (worn)
 j - a +0 ring mail (worn)
 n - a +0 leather armour
Jewellery
 q - an uncursed amulet of the gourmand {unknown}
Scrolls
 l - a scroll of fog {unknown}
 o - a scroll of teleportation
Potions
 i - a potion of lignification
Comestibles
 f - 5 rations


   Skills:
 + Level 2.2 Fighting
 + Level 1.4 Short Blades
 - Level 7.0 Slings
 + Level 1.3 Armour
 + Level 2.6 Dodging
 + Level 1.1 Stealth


You had 3 spell levels left.
You didn't know any spells.
Your spell library contained the following spells:

 Spells                   Type           Power        Failure   Level  Hunger
 Magic Dart               Conj           #...         65%         1    ##.....
 Blink                    Tloc           N/A          78%         2    ###....
 Call Imp                 Summ           #.......     78%         2    ###....
 Slow                     Hex            #.......     78%         2    ###....
 Conjure Flame            Conj/Fire      #.......     95%         3    ####...
 Mephitic Cloud           Conj/Pois/Air  #.......     95%         3    ####...


Dungeon Overview and Level Annotations

Branches:
Dungeon (3/15)

Altars:
Qazlal


Innate Abilities, Weirdness & Mutations

You are small and have problems with some larger weapons.
You are somewhat resistant to further mutation.


Message History

A worm is nearby!
The worm bites you but does no damage. The worm barely misses you.
The worm bites you. The worm misses you. The worm bites you.
The worm bites you. The worm bites you. The worm bites you. The worm bites you!
* * * LOW HITPOINT WARNING * * *
The worm closely misses you. The worm closely misses you.
The worm closely misses you. The worm barely misses you.
The worm barely misses you. The worm closely misses you.
You are feeling very hungry.
The worm bites you!
You die...

######### #.......#
.#.##..######## ###
#..............###.## ##
#.#######.####.##...#####.
#_>...8@# #.#..........
#######w# #.##...#.###.
..# #............ ####
#####.##.###. #.##.###.
#+##..... #####. ##


You could see a worm.

Vanquished Creatures
  A crimson imp (D:3)
  2 worms (D:2)
  A dart slug (D:3)
  A leopard gecko (D:1)
  4 giant cockroaches
  A goblin (D:1)
  A hobgoblin (D:2)
  4 jackals (D:1)
  2 kobolds
  2 ball pythons
  7 bats
  2 frilled lizards (D:1)
  8 rats
36 creatures vanquished.

Notes
Turn   | Place    | Note
-------+----------+-------------------------------------------
     0 | D:1      | lyphon the Halfling Hunter began the quest for the Orb.
     0 | D:1      | Reached XP level 1. HP: 14/14 MP: 1/1
    45 | D:1      | Reached skill level 6 in Slings
   113 | D:1      | Reached XP level 2. HP: 10/19 MP: 2/2
   297 | D:1      | Reached XP level 3. HP: 21/24 MP: 3/3
   636 | D:2      | Reached skill level 7 in Slings
   966 | D:3      | Reached skill level 1 in Short Blades
   966 | D:3      | Reached skill level 1 in Armour
   966 | D:3      | Reached XP level 4. HP: 29/29 MP: 4/4
  1054 | D:3      | Upgraded the game from 0.23-b1-6-ga921848b48 to
                  | 0.23-b1-67-g8bd44de8e4
  1240 | D:3      | Found a stormy altar of Qazlal.
  1274 | D:3      | Slain by a worm

Skill      XL: |  1  2  3 |
---------------+----------+-----
Slings         | 6 7 |  7.0
Fighting       | 2 |  2.2
Short Blades   | 1 |  1.4
Armour         | 1 |  1.3
Dodging        | |  2.6
Stealth        | |  1.1

Action                   |  1- 3 |  4- 6 || total
-------------------------+-------+-------++-------
Melee: Short sword       |    50 |       ||    50
       Hunting sling     |     1 |       ||     1
 Fire: Hunting sling     |    60 |     5 ||    65
  Use: Scroll            |     3 |       ||     3
       Potion            |     2 |       ||     2
Armor: Leather armour    |     7 |       ||     7
       Ring mail         |     3 |     1 ||     4
Dodge: Dodged            |    52 |     9 ||    61
